Map: World of Sleepers LE

Players

DPGPartinG (PartinG)

  • Race: Protoss Protoss
  • Spawn Location: 7:00

lIIllllIIlll (INnoVation) - Winner!

  • Race: Terran Terran
  • League: Master
  • Spawn Location: 1:00

Event: HomeStory Cup XX

VOD

Have the link to the VOD?

Description

Time

  • Played on: Nov. 21, 2019, 1:23 p.m.
  • Length: 11:21

All games in this series

Show
View Real Time Build Order
Export as new Build Order

DPGPartinG Protoss 

Build Orders: Blink Stalkers 

Get SALT Encoding   

  12  0:00  Probe  
  13  0:12  Probe  
  14  0:18  Pylon  
  14  0:24  Probe  
  15  0:31  Pylon  
  15  0:36  Probe  
  16  0:48  Probe  
  16  0:49  Gateway  
  17  0:55  Assimilator  
  17  1:01  Probe  
  18  1:13  Probe  
  19  1:25  Probe  
  20  1:27  Zealot  
  20  1:38  Cybernetics Core  
  22  1:45  Zealot  
  22  1:46  Nexus  
  22  1:57  Probe  
  25  2:02  Assimilator  
  25  2:07  Stalker  
  25  2:11  Probe  
  26  2:20  Warp Gate  
  27  2:24  Probe  
  28  2:36  Probe  
  28  2:37  Stalker  
  31  2:49  Probe  
  29  3:00  Twilight Council  
  29  3:01  Probe  
  29  3:05  Probe  
  30  3:12  Probe  
  31  3:13  Probe  
  31  3:16  Stalker  
  31  3:17  Blink  
  35  3:20  Probe  
  35  3:23  Probe  
  37  3:28  Probe  
  38  3:35  Probe  
  38  3:40  Probe  
  40  3:47  Probe  
  41  3:52  Probe, Gateway  
  42  3:59  Probe  
  43  4:05  Probe  
  43  4:06  Robotics Facility  
  43  4:09  Pylon  
  44  4:11  Probe  
  41  4:18  Probe  
  41  4:22  Stalker  
  41  4:23  Probe  
  45  4:30  Probe, Gateway  
  46  4:35  Probe  
  46  4:36  Pylon  
  48  4:45  Probe  
  48  4:46  Sentry  
  48  4:47  Stalker, Probe  
  48  4:51  Assimilator  
  53  4:53  Pylon  
  53  4:58  Observer  
  52  5:06  Pylon  
  52  5:07  Pylon  
  52  5:10  Gateway x2  
  52  5:14  Immortal  
  52  5:15  Stalker x2  
  60  5:31  Stalker  
  60  5:33  Shield Battery  
  62  5:39  Stalker  
  64  5:44  Shield Battery  
  58  5:55  Stalker  
  57  6:10  Stalker x3  
  46  6:21  Probe x2  
  46  6:25  Stalker  
  42  6:34  Stalker x3  
  42  6:39  Probe  
  46  6:49  Probe  
  46  6:50  Stalker  
  46  6:51  Probe  
  50  6:57  Probe  
  50  6:59  Stalker, Probe  
  52  7:05  Probe  
  52  7:07  Probe  
  54  7:12  Stalker x2  
  60  7:15  Probe  
  60  7:18  Probe  
  62  7:23  Observer  
  62  7:28  Charge, Probe  
  63  7:32  Assimilator  
  63  7:34  Observer  
  63  7:38  Nexus  
  63  7:48  Probe  
  63  7:49  Probe  
  65  7:53  Warp Prism  
  65  7:59  Pylon  
  65  8:01  Probe  
  65  8:02  Templar Archives  
  67  8:06  Probe  
  67  8:10  Pylon  
  68  8:13  Sentry x2, Probe  
  73  8:20  Forge  
  73  8:21  Psionic Storm  
  73  8:25  Zealot x2  
  79  8:38  Zealot x2  
  81  8:46  High Templar, Zealot  
  85  8:51  Observer  
  85  8:56  Gateway x2  
  85  9:02  High Templar  
  88  9:04  Probe x2  
  88  9:05  Probe  
  91  9:12  Zealot x2  
  95  9:18  High Templar  
  95  9:20  Immortal  
  95  9:34  Zealot x2  
  95  9:35  Zealot  
  95  9:37  Probe x2  
  95  9:38  Probe  
  100  9:47  Gateway  
  100  9:52  Zealot x3  
  104  9:57  High Templar x2  
  108  10:02  Pylon  
  108  10:03  Pylon  
  108  10:05  Pylon  
  106  10:10  Archon  
  106  10:12  Zealot x4  
  104  10:15  Immortal  
  96  10:31  High Templar x2  
  96  10:32  Zealot x4  
  99  10:45  Zealot  
  99  10:48  Zealot x2  
  101  10:54  Zealot x2  
  101  10:56  Archon  
  74  11:05  Zealot x2  
  74  11:07  Zealot  
  71  11:12  High Templar  
  71  11:15  High Templar  
Show
View Real Time Build Order
Export as new Build Order

lIIllllIIlll Terran - Winner!

Build Orders: Reaper Expand 

Get SALT Encoding   

  12  0:00  SCV  
  13  0:12  SCV  
  14  0:17  Supply Depot  
  14  0:24  SCV  
  15  0:38  SCV  
  15  0:39  Barracks  
  16  0:43  Refinery  
  16  0:50  SCV  
  17  1:02  SCV  
  18  1:15  SCV  
  19  1:26  Reaper  
  19  1:27  Orbital Command  
  20  1:44  Command Center  
  20  1:53  SCV  
  21  1:58  Marine  
  22  2:02  Supply Depot  
  22  2:05  SCV  
  23  2:10  Command Center  
  22  2:16  Marine  
  22  2:20  Bunker  
  23  2:24  SCV  
  24  2:33  Factory  
  24  2:35  Marine  
  25  2:40  SCV  
  26  2:52  SCV  
  26  2:57  Barracks Reactor  
  27  3:01  Refinery  
  27  3:04  SCV  
  27  3:06  Supply Depot  
  27  3:16  SCV  
  27  3:17  Factory Tech Lab  
  27  3:23  Orbital Command  
  27  3:28  SCV  
  27  3:33  Marine x2  
  30  3:35  Siege Tank  
  34  3:43  Starport  
  34  3:46  SCV  
  34  3:51  Marine x2  
  34  3:52  Orbital Command  
  36  3:58  SCV  
  37  4:08  Siege Tank  
  37  4:09  Marine x2  
  42  4:10  SCV  
  41  4:18  SCV  
  41  4:22  Medivac  
  41  4:23  SCV  
  43  4:27  Marine x2  
  43  4:30  SCV  
  46  4:32  Supply Depot  
  46  4:35  SCV  
  47  4:43  Siege Tank, SCV  
  47  4:44  Marine  
  47  4:45  Marine  
  51  4:49  SCV  
  52  4:54  Supply Depot  
  52  4:55  SCV  
  53  5:01  SCV  
  53  5:02  Marine x2  
  56  5:07  SCV  
  56  5:10  Command Center  
  57  5:15  Siege Tank  
  57  5:17  SCV  
  57  5:18  Liberator, Supply Depot  
  57  5:19  SCV  
  57  5:21  Marine x2  
  63  5:31  SCV  
  63  5:32  SCV  
  63  5:35  Barracks  
  67  5:39  Marine  
  67  5:40  Marine  
  68  5:44  SCV x2  
  70  5:55  Refinery, Supply Depot  
  70  5:56  SCV x2  
  71  5:57  Refinery, Marine x2  
  71  6:08  SCV x2  
  70  6:14  Bunker x2  
  70  6:15  Marine x2  
  67  6:19  Engineering Bay x2  
  67  6:20  SCV  
  67  6:21  SCV  
  67  6:22  Barracks Tech Lab  
  66  6:30  SCV  
  66  6:32  Barracks  
  66  6:33  Starport Reactor, SCV  
  66  6:38  SCV  
  65  6:47  Marine x2  
  65  6:50  Stimpack, SCV  
  65  6:51  SCV  
  65  6:52  Orbital Command, Barracks  
  65  6:53  Terran Infantry Armor Level 1  
  67  6:56  Terran Infantry Weapons Level 1  
  67  6:59  Marine  
  58  7:03  Siege Tank  
  58  7:07  Marine  
  62  7:09  Marine  
  62  7:14  Bunker  
  63  7:18  Marauder  
  63  7:19  Orbital Command  
  63  7:20  SCV  
  63  7:21  Barracks, SCV  
  64  7:23  Barracks Tech Lab  
  64  7:33  Marine x2  
  64  7:34  SCV x2  
  71  7:39  Marauder  
  71  7:42  Marauder, Siege Tank  
  71  7:45  SCV  
  71  7:46  SCV x2  
  68  7:55  Marine x2  
  68  7:56  Barracks Reactor  
  68  7:57  SCV  
  71  7:58  SCV  
  71  7:59  SCV  
  71  8:01  Marauder  
  71  8:04  Marauder  
  77  8:10  Barracks Tech Lab, SCV, Medivac  
  77  8:11  Medivac, SCV  
  84  8:12  Supply Depot  
  84  8:13  Supply Depot  
  84  8:14  Marine x2  
  84  8:15  Supply Depot  
  84  8:21  Marine  
  84  8:25  Marine  
  88  8:29  Factory Reactor  
  84  8:36  Combat Shield, Concussive Shells  
  84  8:38  Marine x2, Marauder, Supply Depot  
  84  8:39  Supply Depot  
  84  8:40  Marine, Marauder  
  90  8:42  Marine  
  90  8:43  Marauder  
  93  8:49  Medivac  
  93  8:53  Medivac  
  97  8:56  Marine x2  
  97  8:57  Marine  
  97  9:00  Marine, Supply Depot  
  101  9:05  Widow Mine x2  
  101  9:06  Marauder x3  
  111  9:10  Supply Depot  
  111  9:14  Marine x2  
  111  9:15  Marine  
  114  9:17  Marine  
  114  9:20  Medivac  
  114  9:22  Supply Depot  
  114  9:23  Medivac  
  116  9:30  Widow Mine x2  
  120  9:40  Marauder x2  
  120  9:41  Marauder  
  120  9:43  Marine x4  
  129  9:53  Medivac  
  129  9:54  Widow Mine x2  
  135  10:01  Medivac  
  135  10:13  Marauder x3  
  135  10:28  Marine x2  
  136  10:34  Marauder x3  
  136  10:35  Medivac  
  132  10:51  Marine x2  
  132  10:55  Marauder  
  132  10:56  Marauder x2  
  132  10:57  Widow Mine x2  
Tags
 
Add a new tag
Caveats
  • Supply blocks, unpowered buildings, or Contaminate may cause inaccurate times.
  • Supply counts are checked every 10 seconds.